 Dungeon Crawl Stone Soup version 0.26.0-16-gc1dbca0489 (webtiles) character file.

Game seed: 5165336783045039707

5624 EnegeticOcto the Cleaver (level 10, -4/56 HPs)
             Began as a Gargoyle Berserker on Jan 18, 2021.
             Was a Priest of Trog.
             Killed from afar by a rime drake (24 damage)
             ... with a flash freeze
             ... on level 4 of the Lair of Beasts.
             The game lasted 00:13:35 (1715 turns).

EnegeticOcto the Cleaver (Gargoyle Berserker)       Turns: 1715, Time: 00:13:36

Health: -4/56      AC: 22    Str: 31    XL:     10   Next: 73%
Magic:  10/10      EV: 10    Int:  8    God:    Trog [***...]
Gold:   279        SH:  0    Dex: 12    Spells: 9/9 levels left

rFire    . . .     SeeInvis .   r - +0 war axe (flame)
rCold    . . .     Faith    .   (no shield)
rNeg     + . .     Spirit   .   j - +0 chain mail
rPois    ∞         Reflect  .   (no helmet)
rElec    +         Harm     .   I - +0 cloak of Zugiteff {Str+4} (curse)
rCorr    .         Rampage  .   C - +0 pair of gloves
Will     ++...                  (no boots)
Stlth    ..........             w - amulet of magic regeneration
HPRegen  1.18/turn              G - +4 ring of protection (curse)
MPRegen  0.37/turn              t - +6 ring of strength

@: regenerating
A: negative energy resistance 1, electricity resistance, unbreathing,
petrification resistance, miasma immunity, AC +7
a: Renounce Religion, Berserk, Trog's Hand


You were on level 4 of the Lair of Beasts.
You worshipped Trog.
Trog was most pleased with you.
You visited 2 branches of the dungeon, and saw 13 of its levels.
You also visited: Ossuary.

You collected 279 gold pieces.

Inventory:

Hand Weapons
 a - a +1 hand axe
 h - a +2 dire flail of protection
   (You took it off Edmund on level 6 of the Dungeon)
 i - a +0 scythe
   (You found it on level 5 of the Dungeon)
 p - a +3 scimitar of flaming
   (You took it off Erica on level 8 of the Dungeon)
 r - a +0 war axe of flaming (weapon)
   (You found it on level 8 of the Dungeon)
 u - a +1 hand axe of electrocution
   (You took it off an orc warrior on level 9 of the Dungeon)
Missiles
 k - 7 curare-tipped darts
 y - 4 throwing nets {!f}
Armour
 b - a +0 animal skin
 e - a +0 ring mail
   (You found it on level 2 of the Dungeon)
 j - a +0 chain mail (worn)
   (You found it on level 5 of the Dungeon)
 o - a +1 cloak
   (You found it on level 5 of the Dungeon)
 v - a +0 plate armour
   (You took it off an orc warrior on level 9 of the Dungeon)
 C - a +0 pair of gloves (worn)
   (You found it on level 9 of the Dungeon)
 I - the cursed +0 cloak of Zugiteff (worn) {Str+4}
   (You found it on level 2 of the Lair of Beasts)

   It affects your strength (+4).
   It has a curse placed upon it.
Jewellery
 f - an uncursed ring of wizardry
   (You found it on level 2 of the Dungeon)
 t - a +6 ring of strength (right hand)
   (You found it in an ossuary)
 w - an amulet of magic regeneration (around neck)
   (You found it in an ossuary)
 x - an uncursed ring of willpower
   (You found it on level 7 of the Dungeon)
 B - an uncursed ring of attention
   (You found it in an ossuary)
 G - a cursed +4 ring of protection (left hand)
   (You found it on level 9 of the Dungeon)
Wands
 E - a wand of disintegration (8)
   (You found it on level 9 of the Dungeon)
 J - a wand of enslavement (12)
   (You found it on level 2 of the Lair of Beasts)
Scrolls
 D - 3 scrolls of immolation
 F - a scroll of enchant weapon
 H - a scroll of remove curse {@r2}
 L - a scroll of blinking {@r4}
Potions
 c - 2 potions of attraction
 d - 3 potions of curing {@q1 !q}
 g - 4 potions of lignification {unknown}
 l - 3 potions of might {@q3 !q}
 m - a potion of degeneration
 n - 4 potions of heal wounds {unknown}
 q - a potion of cancellation {unknown}
 s - 3 potions of brilliance {unknown}
 z - a potion of flight {unknown}
 A - a potion of haste {unknown}
 K - a potion of mutation {unknown}


   Skills:
 + Level 4.1 Fighting
 * Level 13.6 Axes
 + Level 3.3 Armour
 + Level 2.4 Dodging


You had 9 spell levels left.
You didn't know any spells.
Your spell library was empty.

Dungeon Overview and Level Annotations

Branches:
Dungeon (9/15)               Lair (4/6) D:8         Ossuary (visited)
 Temple: D:4-7        Swamp: Lair:2-4    Shoals: Lair:2-4     Snake: Lair:2-4
 Spider: Lair:2-4       Orc: D:9-12

Altars:
Qazlal

Annotations:
Lair:1 exclusion: 2 oklob plants


Innate Abilities, Weirdness & Mutations

You are resistant to torment.
Your stone body is resilient. (AC +7)
You are immune to poison.
You resist negative energy. (rN+)
You are resistant to electric shocks. (rElec)
You can survive without breathing.
You are immune to petrification.
You are immune to miasma.


Message History

The komodo dragon closely misses you.
You hit the komodo dragon but do no damage.
The komodo dragon bites you.
You hit the komodo dragon but do no damage.
The komodo dragon closely misses you.
You barely miss the komodo dragon. The komodo dragon closely misses you.
You hit the komodo dragon but do no damage.
The komodo dragon bites you but does no damage.
You hit the komodo dragon but do no damage.
You slash the komodo dragon! You burn the komodo dragon.
The komodo dragon is moderately wounded.
The komodo dragon bites you!
You slash the komodo dragon! You burn the komodo dragon.
The komodo dragon is severely wounded.
The komodo dragon bites you but does no damage.
You hit the komodo dragon. You burn the komodo dragon.
The komodo dragon is almost dead.
The komodo dragon bites you!
You slash the komodo dragon! You burn the komodo dragon.
You kill the komodo dragon!
Trog accepts your kill.
Your Armour skill increases to level 3!
No target in view!
No target in view!
No target in view!
No target in view!
No target in view!
Found a stone staircase leading down.
You enter the shallow water.
Moving in this stuff is going to be slow.
Your skin crawls.
You feel strong-willed.
There is a stone staircase leading down here.
You climb downwards.
Found a scroll labelled EVENUR TIPN.
There is a stone staircase leading up here.
Found a stone staircase leading down.
L - a scroll labelled EVENUR TIPN
As you read the scroll labelled EVENUR TIPN, it crumbles to dust.
You hear a loud clanging noise!
It was a scroll of noise.
You hear a howl! x2; You hear a horrible gurgling sound!
You hear an angry hiss.
You hear a bellow! x4; You hear an angry hiss.
You hear a croak.
You feel the effects of Trog's Hand fading.
Found a robe.
Found 20 bolts.
There is a stone staircase leading down here.
You climb downwards.
A bullfrog and a cane toad come into view.
The cane toad croaks.
The bullfrog croaks.
Found a scroll of blinking.
There is a stone staircase leading up here.
Your skin stops crawling.
You feel less strong-willed.
The cane toad stings you but does no damage.
You hit the cane toad but do no damage. You hit the bullfrog.
You burn the bullfrog. The bullfrog hits you. The cane toad stings you!
The bullfrog hits you but does no damage.
You slash the bullfrog! You burn the bullfrog!
You kill the bullfrog!
Trog accepts your kill.
You barely miss the cane toad. The cane toad completely misses you.
Your Fighting skill increases to level 4!
You slash the cane toad! You burn the cane toad!
The cane toad is severely wounded.
The cane toad stings you but does no damage.
You hit the cane toad. You burn the cane toad.
The cane toad is severely wounded.
The cane toad closely misses you.
You slash the cane toad! You burn the cane toad.
You kill the cane toad!
Trog accepts your kill.
No target in view!
No target in view!
L - a scroll of blinking {@r4} A rime drake comes into view.
The rime drake hisses angrily.
The rime drake breathes ice at you. The flash freeze hits you!!
* * * LOW HITPOINT WARNING * * *
You are encased in ice.
The rime drake bites you but does no damage.
You barely miss the rime drake. The ice encasing you melts away.
The rime drake bites you but does no damage.
Your skin crawls.
You feel strong-willed.
The rime drake bites you but does no damage.
You hit the rime drake. You burn the rime drake.
The rime drake is lightly wounded.
The rime drake closely misses you.
You hit the rime drake. You burn the rime drake.
The rime drake is moderately wounded.
The rime drake bites you but does no damage.
Unknown command.
Unknown command.
You slash the rime drake! You burn the rime drake!
The rime drake is almost dead.
The rime drake breathes ice at you. The flash freeze hits you!!
You die...

##..#..#.##
##
#..#######
##..#
###...#
##.....#
##P..#.##
##...#.##
#....###
##.@.#
#k### #. ..
... ....
#..8. ##...


You could see a rime drake (catching breath).

Vanquished Creatures
  Harold (D:9)
  Erica (D:8)
  Pikel (D:6)
  A cane toad (Lair:4)
  A komodo dragon (Lair:2)
  A troll (D:8)
  A wyvern (Lair:2)
  3 yaks (Lair:1)
  Edmund (D:6)
  A water moccasin (D:5)
  An ice beast (D:8)
  An orc warrior (D:9)
  An ogre (D:6)
  4 wolves (D:8)
  2 phantoms (D:9)
  A centaur (D:9)
  A lemure (D:6)
  4 bullfrogs
  2 big kobolds
  A wyvern zombie (D:7)
  An electric eel (D:8)
  A howler monkey (D:9)
  3 bullfrog zombies (Ossuary)
  A centaur zombie (Ossuary)
  An orc priest (D:9)
  5 hounds
  A bullfrog skeleton (D:9)
  3 orc wizards (D:5)
  A worker ant (D:7)
  A killer bee zombie (D:7)
  A hound zombie (Ossuary)
  11 mummies (Ossuary)
  2 howler monkey zombies (Ossuary)
  A howler monkey skeleton (D:7)
  11 adders
  2 gnolls (D:7)
  A shadow imp (D:9)
  2 white imps
  2 ufetubi
  3 adder zombies
  A worm (D:3)
  A dart slug (D:2)
  2 leopard geckos
  9 orcs
  3 bats (D:2)
  2 giant cockroaches
  A goblin (D:2)
  4 jackals (D:2)
  11 kobolds
  A frilled lizard (D:2)
  2 giant cockroach zombies (Ossuary)
  A goblin zombie (D:6)
  A jackal zombie (Ossuary)
  4 leopard gecko zombies (Ossuary)
  A quokka zombie (Ossuary)
  2 rats
  A rat zombie (D:6)
131 creatures vanquished.

Vanquished Creatures (others)
  A fungus (Lair:2)
  6 plants
  5 withered plants (Ossuary)
12 creatures vanquished.

Grand Total: 143 creatures vanquished

Notes
Turn   | Place    | Note
-------+----------+-------------------------------------------
     0 | D:1      | EnegeticOcto the Gargoyle Berserker began the quest for the
                  | Orb.
     0 | D:1      | Reached XP level 1. HP: 14/14 MP: 1/1
    34 | D:2      | Reached skill level 3 in Axes
    69 | D:2      | Reached XP level 2. HP: 16/19 MP: 2/2
   133 | D:2      | Reached XP level 3. HP: 18/23 MP: 3/3
   181 | D:3      | Reached skill level 4 in Axes
   199 | D:2      | Reached XP level 4. HP: 16/28 MP: 4/4
   210 | D:3      | Reached ** piety under Trog
   263 | D:5      | Entered Level 5 of the Dungeon
   302 | D:5      | Reached skill level 5 in Axes
   302 | D:5      | Reached XP level 5. HP: 29/32 MP: 5/5
   306 | D:5      | Found a stormy altar of Qazlal.
   385 | D:5      | Noticed a water moccasin
   392 | D:5      | Killed a water moccasin
   393 | D:5      | Reached skill level 6 in Axes
   393 | D:5      | Reached XP level 6. HP: 27/37 MP: 6/6
   478 | D:5      | Identified the cursed +1 hand axe of the New World {speed,
                  | rN+}
   562 | D:6      | Noticed Edmund
   569 | D:6      | Killed Edmund
   611 | D:6      | Reached skill level 7 in Axes
   611 | D:6      | Reached XP level 7. HP: 40/41 MP: 7/7
   649 | D:6      | Found a sand-covered staircase.
   665 | Ossuary  | Entered an ossuary
   799 | Ossuary  | Reached skill level 8 in Axes
   859 | Ossuary  | Reached XP level 8. HP: 31/46 MP: 8/8
   937 | D:6      | Noticed Pikel
   955 | D:6      | Killed Pikel
   956 | D:6      | Reached skill level 9 in Axes
   999 | D:7      | Reached *** piety under Trog
  1015 | D:7      | Reached skill level 10 in Axes
  1106 | D:8      | Noticed Erica
  1136 | D:8      | Killed Erica
  1137 | D:8      | Reached skill level 11 in Axes
  1137 | D:8      | Reached XP level 9. HP: 18/51 MP: 9/9
  1155 | D:8      | Noticed a troll
  1172 | D:8      | Killed a troll
  1173 | D:8      | Reached skill level 12 in Axes
  1278 | D:9      | Reached XP level 10. HP: 38/56 MP: 10/10
  1291 | D:9      | Noticed Harold
  1303 | D:9      | Killed Harold
  1304 | D:9      | Reached skill level 13 in Axes
  1538 | D:8      | Found a staircase to the Lair.
  1547 | Lair:1   | Entered Level 1 of the Lair of Beasts
  1560 | Lair:1   | Reached skill level 2 in Dodging
  1586 | Lair:1   | Noticed an oklob plant
  1588 | Lair:1   | Noticed an oklob plant
  1621 | Lair:2   | Got a pitted cloak
  1631 | Lair:2   | Identified the cursed +0 cloak of Zugiteff {Str+4} (You
                  | found it on level 2 of the Lair of Beasts)
  1657 | Lair:2   | Reached skill level 3 in Armour
  1684 | Lair:4   | Noticed a cane toad
  1689 | Lair:4   | Reached skill level 4 in Fighting
  1691 | Lair:4   | Killed a cane toad
  1715 | Lair:4   | Killed from afar by a rime drake

Illustrated notes

Levels and vault maps discovered:
D:1:      ncdulo_wetmaze, layout_rooms
D:2:      layout_basic, minmay_split_cup_small
D:3:      layout_loops_ring, hellmonk_ghost_happy_afterlife
D:4:      layout_loops_ring, uniq_eustachio
D:5:      layout_loops_ring, nicolae_overflow_hidden_temple
D:6:      layout_loops_ring, enter_ossuary_4, led_sif_pool, uniq_edmund,
          uniq_duvessa, uniq_pikel
D:7:      wander_guarded_unrand_ratskin, layout_rooms,
          minmay_temple_entry_glassed_door
D:8:      layout_rooms, erik_lair_island, uniq_grum, uniq_maurice, uniq_erica
D:9:      layout_irregular_city, uniq_harold
Lair:1:   lemuel_reptile_caves, layout_gridlike, small_statue_intersection,
          hangedman_lair_generics_rect, minmay_lair_oklob_chamber
Lair:2:   layout_misc_corridors, grunt_megastairs_2, infiniplex_staircase_pool_2
Lair:3:   layout_gridlike, grunt_megastairs_4, uniq_gastronok
Lair:4:   layout_cave_pods, swamp_mist, dummy_snake_entry, grunt_megastairs_3

Skill      XL: |  1  2  3  4  5  6  7  8  9 10 |
---------------+-------------------------------+-----
Axes           | 3 4 5 6 7 8 11 12 13 | 13.6
Dodging        | 2 |  2.4
Armour         | 3 |  3.3
Fighting       | 4 |  4.1

Action                   |  1- 3 |  4- 6 |  7- 9 | 10-12 || total
-------------------------+-------+-------+-------+-------++-------
Melee: Hand axe          |    51 |    68 |   231 |    16 ||   366
       War axe           |       |       |    39 |    56 ||    95
Invok: Berserk           |     2 |     5 |     7 |     1 ||    15
       Trog's Hand       |       |       |    10 |     4 ||    14
Evoke: Wand              |       |       |     9 |       ||     9
  Use: Scroll            |       |     3 |     8 |     5 ||    16
Armor: Animal skin       |     8 |       |       |       ||     8
       Ring mail         |    59 |    19 |       |       ||    78
       Chain mail        |       |    16 |   207 |    47 ||   270
Dodge: Dodged            |    67 |    44 |   121 |    40 ||   272
